[ AOE2 MATCH · #506604411 ]
UnrankedItalians vs Poles
Player's team · LOSS
Rival team · WIN
[ REPLAY ANALYSIS · EXTRACTED FROM THE RECORDED GAME ]
Feudal
9:16
Castle
22:01
Imperial
—
| APM avg | 38.0 |
| APM peak | 69 |
| eAPM avg | 15.5 |
| Villagers / military | 77 / 48 |
Focus
⚔️ 23.8% · 🌾 76.2%
Archer ×42 · Scout Cavalry ×3 · Knight ×2 · Monk ×1
Feudal
11:29
Castle
23:52
Imperial
—
| APM avg | 34.1 |
| APM peak | 68 |
| eAPM avg | 19.7 |
| Villagers / military | 135 / 57 |
Focus
⚔️ 20.0% · 🌾 80.0%
Cavalry Archer ×26 · Skirmisher ×15 · Militia ×7 · Archer ×5 · Monk ×3 · Spearman ×1
Match map
Initial resources + every placement click. Lines = walls · curves = elevation contours. ◆ gold · ⬟ stone · ● berries · ✦ relic · ◌ wall gap
Your base· ✓ Closed at 22:01 · 9t walls · 1 gate(s)
WallyGoodberg's base· Open — 2t gap
Smoothed initial terrain · ◌ = detected wall gap · hover for details
Inputs per minute
— foundationstaff - - WallyGoodberg
Build order — foundationstaff
First 150 of 208 actions detected
| 0:00 | Queue | Villager (Male) |
| 0:01 | Queue | Villager (Male) |
| 0:01 | Queue | Villager (Male) |
| 0:01 | Queue | Villager (Male) |
| 0:03 | Build | House |
| 0:04 | Build | House |
| 1:37 | Queue | Villager (Male) |
| 1:44 | Build | Lumber Camp |
| 1:53 | Queue | Villager (Male) |
| 2:18 | Queue | Villager (Male) |
| 2:51 | Queue | Villager (Male) |
| 3:08 | Build | House |
| 3:13 | Queue | Villager (Male) |
| 3:32 | Queue | Villager (Male) |
| 3:36 | Build | House |
| 3:57 | Queue | Villager (Male) |
| 4:25 | Queue | Villager (Male) |
| 4:46 | Queue | Villager (Male) |
| 5:14 | Build | Mill |
| 5:18 | Queue | Villager (Male) |
| 5:18 | Queue | Villager (Male) |
| 5:35 | Queue | Villager (Male) |
| 5:42 | Build | Mill |
| 6:01 | Queue | Villager (Male) |
| 6:10 | Research | Loom |
| 6:59 | Research | Feudal Age |
| 7:26 | Build | Barracks |
| 8:00 | Build | Mining Camp |
| 8:12 | Build | House |
| 8:51 | Queue | Villager (Male) |
| 9:16 | Age | Feudal Age |
| 9:18 | Build | Archery Range |
| 9:32 | Queue | Villager (Male) |
| 9:54 | Queue | Villager (Male) |
| 10:00 | Queue | Archer |
| 10:00 | Queue | Archer |
| 10:11 | Build | Blacksmith |
| 10:20 | Build | Palisade Wall |
| 10:24 | Build | Palisade Wall |
| 10:26 | Build | Palisade Wall |
| 10:49 | Queue | Villager (Male) |
| 11:05 | Queue | Archer |
| 11:13 | Queue | Villager (Male) |
| 12:19 | Build | Palisade Wall |
| 12:26 | Build | House |
| 12:33 | Build | Farm |
| 12:34 | Build | Farm |
| 12:34 | Build | Farm |
| 12:35 | Build | Farm |
| 12:36 | Build | Farm |
| 12:38 | Queue | Villager (Male) |
| 12:52 | Research | Fletching |
| 12:54 | Queue | Archer |
| 13:14 | Queue | Villager (Male) |
| 13:14 | Queue | Villager (Male) |
| 13:16 | Build | Farm |
| 13:17 | Build | Farm |
| 13:19 | Build | Farm |
| 13:19 | Build | Farm |
| 13:47 | Queue | Archer |
| 13:56 | Queue | Villager (Male) |
| 14:02 | Build | House |
| 14:28 | Build | Palisade Wall |
| 14:31 | Build | Palisade Gate |
| 15:10 | Queue | Archer |
| 15:10 | Queue | Archer |
| 15:11 | Queue | Villager (Male) |
| 15:17 | Build | Farm |
| 15:17 | Build | Farm |
| 15:21 | Research | Double-Bit Axe |
| 15:25 | Queue | Archer |
| 15:26 | Queue | Archer |
| 15:37 | Queue | Villager (Male) |
| 15:53 | Build | Market |
| 15:59 | Queue | Villager (Male) |
| 16:22 | Build | Stable |
| 16:28 | Queue | Archer |
| 16:33 | Queue | Villager (Male) |
| 16:33 | Queue | Villager (Male) |
| 16:34 | Queue | Villager (Male) |
| 16:59 | Research | Padded Archer Armor |
| 17:04 | Build | House |
| 17:23 | Queue | Scout Cavalry |
| 17:31 | Queue | Villager (Male) |
| 17:36 | Build | House |
| 17:54 | Queue | Archer |
| 18:23 | Queue | Villager (Male) |
| 18:23 | Queue | Villager (Male) |
| 18:39 | Queue | Archer |
| 18:42 | Queue | Villager (Male) |
| 19:17 | Queue | Archer |
| 19:19 | Research | Castle Age |
| 19:24 | Research | Wheelbarrow |
| 19:35 | Build | Archery Range |
| 19:37 | Queue | Archer |
| 19:48 | Queue | Archer |
| 20:33 | Queue | Archer |
| 20:34 | Queue | Archer |
| 20:35 | Queue | Villager (Male) |
| 20:39 | Build | House |
| 21:02 | Research | Bloodlines |
| 21:06 | Queue | Scout Cavalry |
| 21:14 | Queue | Archer |
| 21:18 | Build | House |
| 21:21 | Queue | Archer |
| 21:34 | Queue | Archer |
| 21:37 | Queue | Archer |
| 21:45 | Queue | Scout Cavalry |
| 21:49 | Queue | Archer |
| 22:01 | Age | Castle Age |
| 22:06 | Research | Crossbowman (upgrade) |
| 22:07 | Research | Bodkin Arrow |
| 22:12 | Build | Town Center |
| 22:23 | Queue | Archer |
| 23:26 | Queue | Villager (Male) |
| 23:26 | Queue | Villager (Male) |
| 23:52 | Queue | Archer |
| 23:52 | Queue | Archer |
| 23:52 | Queue | Villager (Male) |
| 23:53 | Queue | Villager (Male) |
| 23:57 | Build | Farm |
| 24:29 | Queue | Villager (Male) |
| 24:39 | Build | Town Center |
| 25:09 | Queue | Knight |
| 25:09 | Queue | Knight |
| 25:20 | Queue | Villager (Male) |
| 25:22 | Build | Lumber Camp |
| 25:27 | Research | Husbandry |
| 25:29 | Queue | Villager (Male) |
| 25:37 | Queue | Villager (Male) |
| 25:50 | Queue | Villager (Male) |
| 25:50 | Queue | Villager (Male) |
| 25:51 | Queue | Villager (Male) |
| 26:09 | Queue | Archer |
| 26:24 | Queue | Archer |
| 26:24 | Queue | Archer |
| 26:25 | Queue | Villager (Male) |
| 26:29 | Build | Farm |
| 26:57 | Research | Leather Archer Armor |
| 27:04 | Build | House |
| 27:05 | Build | House |
| 27:06 | Build | House |
| 27:14 | Queue | Archer |
| 27:14 | Queue | Archer |
| 27:16 | Queue | Villager (Male) |
| 27:35 | Research | Light Cavalry (upgrade) |
| 27:44 | Build | Monastery |
| 27:50 | Queue | Archer |
| 27:50 | Queue | Archer |
| 27:50 | Queue | Archer |
Build order — WallyGoodberg
First 150 of 322 actions detected
| 0:01 | Queue | Villager (Male) |
| 0:01 | Queue | Villager (Male) |
| 0:04 | Build | House |
| 0:05 | Build | House |
| 0:06 | Queue | Villager (Male) |
| 0:06 | Queue | Villager (Male) |
| 1:36 | Queue | Villager (Male) |
| 1:56 | Build | Lumber Camp |
| 2:03 | Queue | Villager (Male) |
| 2:35 | Queue | Villager (Male) |
| 2:49 | Queue | Villager (Male) |
| 3:09 | Queue | Villager (Male) |
| 3:31 | Build | House |
| 3:33 | Build | House |
| 3:49 | Queue | Villager (Male) |
| 4:02 | Queue | Villager (Male) |
| 4:33 | Queue | Villager (Male) |
| 4:33 | Queue | Villager (Male) |
| 4:46 | Queue | Villager (Male) |
| 4:57 | Build | Mill |
| 5:16 | Queue | Villager (Male) |
| 5:41 | Queue | Villager (Male) |
| 6:06 | Build | Barracks |
| 6:10 | Queue | Villager (Male) |
| 6:18 | Queue | Villager (Male) |
| 6:54 | Queue | Villager (Male) |
| 7:02 | Queue | Militia |
| 7:03 | Queue | Militia |
| 7:03 | Queue | Militia |
| 7:21 | Queue | Militia |
| 7:37 | Queue | Villager (Male) |
| 8:04 | Queue | Villager (Male) |
| 8:09 | Build | House |
| 8:25 | Queue | Villager (Male) |
| 8:39 | Queue | Villager (Male) |
| 8:49 | Build | Mining Camp |
| 9:10 | Research | Feudal Age |
| 9:51 | Build | House |
| 9:58 | Research | Loom |
| 10:23 | Build | House |
| 10:26 | Build | House |
| 10:28 | Build | House |
| 10:46 | Queue | Villager (Male) |
| 11:29 | Age | Feudal Age |
| 11:34 | Build | Archery Range |
| 11:38 | Research | Double-Bit Axe |
| 11:43 | Research | Horse Collar |
| 11:47 | Research | Gold Mining |
| 11:55 | Research | Man-at-Arms (upgrade) |
| 12:03 | Queue | Villager (Male) |
| 12:11 | Build | Farm |
| 12:11 | Build | Farm |
| 12:12 | Build | Farm |
| 12:24 | Queue | Villager (Male) |
| 12:32 | Queue | Skirmisher |
| 12:32 | Queue | Skirmisher |
| 12:54 | Build | Watch Tower |
| 12:57 | Queue | Villager (Male) |
| 13:05 | Queue | Villager (Male) |
| 13:25 | Build | Blacksmith |
| 13:31 | Queue | Villager (Male) |
| 13:36 | Build | Farm |
| 13:50 | Queue | Skirmisher |
| 13:50 | Queue | Skirmisher |
| 13:55 | Queue | Militia |
| 13:56 | Queue | Militia |
| 13:57 | Queue | Militia |
| 14:06 | Queue | Villager (Male) |
| 14:25 | Research | Fletching |
| 14:26 | Research | Padded Archer Armor |
| 14:27 | Research | Scale Mail Armor |
| 14:36 | Build | Mill |
| 14:50 | Queue | Villager (Male) |
| 15:03 | Queue | Villager (Male) |
| 15:18 | Queue | Skirmisher |
| 15:19 | Queue | Skirmisher |
| 15:28 | Build | Farm |
| 15:29 | Build | Farm |
| 15:33 | Build | Farm |
| 15:34 | Build | Farm |
| 15:35 | Queue | Villager (Male) |
| 15:41 | Build | Farm |
| 15:43 | Build | Farm |
| 15:50 | Build | Mining Camp |
| 15:55 | Queue | Skirmisher |
| 15:55 | Queue | Skirmisher |
| 15:55 | Queue | Archer |
| 15:56 | Queue | Archer |
| 16:05 | Queue | Villager (Male) |
| 16:09 | Queue | Villager (Male) |
| 16:31 | Build | Mill |
| 16:33 | Build | Farm |
| 16:38 | Build | Mill |
| 16:42 | Build | Farm |
| 16:43 | Build | Farm |
| 16:44 | Build | Farm |
| 16:47 | Build | Farm |
| 16:48 | Queue | Villager (Male) |
| 17:01 | Queue | Villager (Male) |
| 17:15 | Build | Farm |
| 17:21 | Build | Farm |
| 17:23 | Build | Farm |
| 17:24 | Queue | Villager (Male) |
| 17:48 | Queue | Villager (Male) |
| 18:12 | Build | Farm |
| 18:17 | Queue | Archer |
| 18:17 | Queue | Archer |
| 18:19 | Queue | Villager (Male) |
| 18:24 | Build | Archery Range |
| 18:39 | Queue | Villager (Male) |
| 18:49 | Build | Watch Tower |
| 18:52 | Research | Stone Mining |
| 19:12 | Queue | Spearman |
| 19:13 | Queue | Villager (Male) |
| 19:16 | Queue | Archer |
| 19:24 | Build | Mill |
| 19:25 | Build | Farm |
| 19:28 | Build | Farm |
| 19:29 | Build | Farm |
| 19:32 | Build | Farm |
| 19:39 | Queue | Villager (Male) |
| 20:03 | Build | Market |
| 20:17 | Build | Lumber Camp |
| 20:19 | Queue | Villager (Male) |
| 20:39 | Queue | Villager (Male) |
| 21:12 | Research | Castle Age |
| 21:18 | Build | Farm |
| 21:23 | Build | Farm |
| 21:38 | Build | Stable |
| 21:48 | Build | Lumber Camp |
| 21:54 | Queue | Villager (Male) |
| 22:37 | Queue | Skirmisher |
| 22:37 | Queue | Skirmisher |
| 22:37 | Queue | Skirmisher |
| 22:38 | Queue | Skirmisher |
| 23:13 | Queue | Skirmisher |
| 23:13 | Queue | Skirmisher |
| 23:13 | Queue | Skirmisher |
| 23:52 | Age | Castle Age |
| 24:00 | Build | Town Center |
| 24:05 | Build | Town Center |
| 24:06 | Queue | Villager (Male) |
| 24:09 | Research | Heavy Plow |
| 24:10 | Research | Bodkin Arrow |
| 24:12 | Research | Elite Skirmisher (upgrade) |
| 24:30 | Queue | Cavalry Archer |
| 24:31 | Queue | Cavalry Archer |
| 24:31 | Queue | Cavalry Archer |
| 24:33 | Queue | Villager (Male) |
| 24:43 | Research | Leather Archer Armor |
Match timeline
| 6:06 | WallyGoodberg · first_building Barracks |
| 7:26 | foundationstaff · first_building Barracks |
| 9:16 | foundationstaff · age_up feudal |
| 9:18 | foundationstaff · first_building Archery Range |
| 10:20 | foundationstaff · wall_segment Palisade Wall x1 |
| 10:24 | foundationstaff · wall_segment Palisade Wall x1 |
| 10:26 | foundationstaff · wall_segment Palisade Wall x1 |
| 11:29 | WallyGoodberg · age_up feudal |
| 11:34 | WallyGoodberg · first_building Archery Range |
| 12:19 | foundationstaff · wall_segment Palisade Wall x1 |
| 14:28 | foundationstaff · wall_segment Palisade Wall x5 |
| 16:22 | foundationstaff · first_building Stable |
| 18:54 | foundationstaff · first_market_sell 100 wood |
| 18:55 | foundationstaff · first_market_buy 100 food |
| 21:38 | WallyGoodberg · first_building Stable |
| 22:01 | foundationstaff · age_up castle |
| 23:52 | WallyGoodberg · age_up castle |
| 27:33 | WallyGoodberg · first_market_sell 100 wood |
| 27:44 | foundationstaff · first_building Monastery |
| 29:58 | WallyGoodberg · first_building Monastery |
| 32:37 | WallyGoodberg · first_building Castle |
| 34:42 | foundationstaff · resign |
[ AI ANALYSIS · 1 CREDIT ]
What really happened in this match?
Wolo.gg analyzes every decision: build order, eco, micro, common mistakes by bracket. Personalized analysis on WhatsApp or Discord in 30 seconds.
Civ guide
Italians
Perfil
Jugador #25994130